AoeStats
← TobsusMaximus

Nomad

510388752Analyzed
3v3 RM · 16h ago on Sep 30, 2026· 28m 27s· 6 players
Game mode
Random Map
Map size
210×210
Population
200
Speed
Normal
Resources
Standard
Victory
Conquest
Starting age
Dark Age
Ending age
Imperial Age
RankedLock teamsTeams togetherTeam positionsShared explorationLock speedFull tech treeHidden civsTurbo modeCheats
Victory
Defeat
🇨🇱 Spanish · Chile
1070
+11
🇩🇪 Mongols · Germany
1061
+11
🇫🇷 Teutons · France
1006
+14
🇫🇷 Mongols · France
984
-13
🇫🇷 Franks · France
971
-13
🇫🇷 Vikings · France
902
-10
Slokurn
8:33 Loom
16:13 Feudal Age
18:09 Double-Bit Axe
18:59 Arson
19:18 Horse Collar
21:57 Castle Age
21:32 Wheelbarrow
20:46 Fishing Lines
22:27 Fletching
22:36 Stone Mining
23:00 Elite Skirmisher
25:10 Bodkin Arrow
YONG
2:57 Loom
15:38 Feudal Age
18:55 Double-Bit Axe
21:44 Scale Barding Armor
21:50 Forging
TobsusMaximus
13:17 Feudal Age
14:43 Loom
17:05 Castle Age
15:10 Double-Bit Axe
18:42 Town Watch
18:49 Fletching
19:06 Scale Barding Armor
26:36 Horse Collar
28:20 Bloodlines
Rodolphe Le Grand
7:19 Loom
13:11 Feudal Age
14:00 Double-Bit Axe
26:28 Castle Age
28:38 Wheelbarrow
Remus V De Gascogne
5:36 Loom
14:08 Feudal Age
13:18 Loom
17:32 Double-Bit Axe
18:03 Man-at-Arms
18:39 Gold Mining
25:02 Castle Age
23:13 Horse Collar
23:33 Stone Mining
24:13 Scale Mail Armor
26:21 Forging
27:49 Iron Casting
27:24 Long Swordsman
28:58 Chain Mail Armor
Kiryu
4:15 Loom
16:36 Feudal Age
19:53 Wheelbarrow
19:06 Double-Bit Axe
19:19 Gold Mining
Connection lost

Rejoining the realm…

Still unreachable

The connection could not be restored.

Session expired

The server has moved on; the page needs a fresh start.